 Dungeon Crawl Stone Soup version 0.27-a0-1322-gfdffb62a71 (webtiles) character file.

Game seed: 932472850894291180

184 bande the Covered (level 5, -4/33 HPs)
             Began as a Gargoyle Fighter on June 23, 2021.
             Slain by Menkaure (18 damage)
             ... on level 4 of the Dungeon.
             The game lasted 00:05:49 (4002 turns).

bande the Covered (Gargoyle Fighter)                Turns: 4002, Time: 00:05:50

Health: -4/33      AC: 14    Str: 20    XL:     5   Next: 64%
Magic:  5/5        EV:  3    Int:  8    God:
Gold:   130        SH: 14    Dex: 10    Spells: 4/4 levels left

rFire    . . .     SeeInvis .   a - +0 war axe
rCold    . . .     Faith    .   g - +0 tower shield
rNeg     + . .     Spirit   .   p - +0 chain mail
rPois    ∞         Reflect  .   (no helmet)
rElec    +         Harm     .   l - +0 cloak
rCorr    .         Rampage  .   (no gloves)
Will     .....                  (no boots)
Stlth    ..........             (no amulet)
HPRegen  0.11/turn              (no ring)
MPRegen  0.09/turn              (no ring)

@: no status effects
A: sickness immunity, AC +4, negative energy resistance 1, electricity
resistance, torment resistance 1, petrification resistance
a: no special abilities


You were on level 4 of the Dungeon.
You visited 1 branch of the dungeon, and saw 4 of its levels.

You collected 130 gold pieces.

Inventory:

Hand Weapons
 a - a +0 war axe (weapon)
 m - a +0 flail
 n - a +0 war axe
Missiles
 f - 2 throwing nets (quivered)
Armour
 c - a +0 kite shield
 g - a +0 tower shield (worn)
 l - a +0 cloak (worn)
 p - a +0 chain mail (worn)
Scrolls
 e - a scroll of identify
 i - 3 scrolls of magic mapping
 j - a scroll of enchant weapon {unknown}
Potions
 d - a potion of might
 h - a potion of lignification {unknown}


   Skills:
 + Level 4.0 Fighting
 + Level 3.2 Axes
 + Level 4.4 Armour
 + Level 0.6 Dodging
 + Level 4.2 Shields


You had 4 spell levels left.
You didn't know any spells.
Your spell library was empty.

Dungeon Overview and Level Annotations

Branches:
Dungeon (4/15)
 Temple: D:4-7

Altars:
Ashenzari
Nemelex Xobeh

Annotations:
D:4 Menkaure


Innate Abilities, Weirdness & Mutations

You are immune to sickness and miasma.
Your stone body is resilient. (AC +4)
You are immune to poison.
You resist negative energy. (rN+)
You are resistant to electric shocks. (rElec)
You are resistant to unholy torment.
You are immune to petrification.


Message History

You slash the kobold!
You kill the kobold!
No target in view!
No target in view!
No target in view!
No target in view!
No target in view!
No target in view!
HP restored.
Menkaure, Prince of Dust comes into view.
Menkaure shouts!
Menkaure calls on the powers of darkness!
Your body is wracked with pain!
Menkaure is nearby!
Menkaure calls on the powers of darkness!
Your body is wracked with pain!
You see here 8 gold pieces.
You hit Menkaure.
Menkaure is lightly damaged.
Menkaure barely misses you. Menkaure hits you!
* * * LOW HITPOINT WARNING * * *
You are too injured to fight recklessly!
You are too injured to fight recklessly!
You are too injured to fight recklessly!
You are too injured to fight recklessly!
You are too injured to fight recklessly!
You are too injured to fight recklessly!
You are too injured to fight recklessly!
You feel much better.
You slash Menkaure!
Menkaure is severely damaged.
You block Menkaure's attack. Menkaure hits you!
Your shield and chain mail prevent you from hitting Menkaure.
Menkaure is severely damaged.
You block Menkaure's attack.
You barely miss Menkaure.
Menkaure is severely damaged.
Menkaure hits you!!
Ouch! That really hurt!
You die...

...#########...#.####..
#.......#...#..#[.#..#
#..............#)#...#
#..#######....#.#...#
#..# ##.........## .
#..# #..........#..
#..# ##...........#
#<.# ###..........##
#..# #......@.....#
......#M....##
..######....## .#
##...# #.## .# .# ..


You could see Menkaure.

Vanquished Creatures
  A jelly (D:3)
  An iguana (D:4)
  An orc wizard (D:2)
  4 adders
  A worm (D:2)
  3 dart slugs
  3 orcs
  3 endoplasms
  3 giant cockroaches
  7 goblins
  3 hobgoblins
  4 jackals (D:2)
  6 kobolds
  A quokka (D:2)
  4 ball pythons
  6 bats
  3 frilled lizards
  3 rats
  A bush (D:1)
58 creatures vanquished.

Notes
Turn   | Place    | Note
-------+----------+-------------------------------------------
     0 | D:1      | bande the Gargoyle Fighter began the quest for the Orb.
     0 | D:1      | Reached XP level 1. HP: 14/14 MP: 1/1
   225 | D:1      | Found a faded altar of an unknown god.
   231 | D:1      | Reached XP level 2. HP: 18/19 MP: 2/2
  1084 | D:2      | Reached XP level 3. HP: 20/24 MP: 3/3
  2423 | D:2      | Reached XP level 4. HP: 22/29 MP: 4/4
  3331 | D:3      | Reached XP level 5. HP: 29/33 MP: 5/5
  3852 | D:3      | Found a sparkling altar of Nemelex Xobeh.
  3852 | D:3      | Found a broken altar of Ashenzari.
  3993 | D:4      | Noticed Menkaure
  4002 | D:4      | Slain by Menkaure

Illustrated notes

Levels and vault maps discovered:
D:1:      dpeg_arrival_short_road, layout_loops_ring, basic_ecumenical_altar,
          serial_forest, infiniplex_forest_clump_diagonal,
          infiniplex_forest_straight_2, infiniplex_forest_zigzag_1,
          infiniplex_forest_clump_long, infiniplex_forest_corner_2,
          corexii_item_surrounded_by_moat, grunt_decor_clamped,
          chequers_serial_rivers_micro_b
D:2:      layout_basic, chequers_serial_rivers_small_3, hex_medium
D:3:      layout_rooms, gammafunk_temple_overflow_wave
D:4:      layout_layer_cave, nicolae_wooded_promenade,
          chequers_serial_rivers_micro_a, uniq_menkaure, uniq_ijyb

Skill      XL: |  1  2  3  4  5 |
---------------+----------------+-----
Axes           | 2 3 |  3.2
Armour         | 4 |  4.4
Shields        | 4 |  4.2
Fighting       | 4 |  4.0
Dodging        | |  0.6

Action                   |  1- 3 |  4- 6 || total
-------------------------+-------+-------++-------
Melee: War axe           |   157 |    87 ||   244
  Use: Scroll            |       |     7 ||     7
       Potion            |       |     1 ||     1
Armor: Scale mail        |    56 |    36 ||    92
       Chain mail        |       |    31 ||    31
Dodge: Dodged            |    44 |    21 ||    65
Block: Kite shield       |    57 |    26 ||    83
       Tower shield      |       |    53 ||    53

Table legend: (Time is in decaauts)
 A = Elapsed time spent in this place.
 B = Non-inter-level travel time spent in this place.
 C = Inter-level travel time spent in this place.
 D = Time resting spent in this place.
 E = Time spent auto-exploring this place.
 F = Levels seen in this place.
 G = Mean time per level.
                   A        B        C        D        E       F      G
               +--------+--------+--------+--------+--------+-----+--------+
         Total |   4165 |   4069 |     96 |   1067 |   2239 |   4 | 1041.2 |
       Dungeon |   4165 |   4069 |     96 |   1067 |   2239 |   4 | 1041.2 |
               +--------+--------+--------+--------+--------+-----+--------+

Top non-repeatable levels by time:
     D:2: 2281 daAuts
     D:1: 1003 daAuts
     D:3: 765 daAuts
     D:4: 115 daAuts
